AoeStats
← Ridder Lancelot

Arena

505109236Analyzed
3v3 RM · 25d ago on Sep 7, 2026· 36m 30s· 6 players
Game mode
Random Map
Map size
Normal (6 player)
Population
200
Speed
Normal
Resources
Standard
Victory
Conquest
Starting age
Dark Age
Ending age
Imperial Age
RankedLock teamsTeams togetherTeam positionsShared explorationLock speedFull tech treeHidden civsTurbo modeCheats
Victory
Defeat
🇲🇽 Bohemians · Mexico
1125
+10
🇫🇷 Poles · France
1068
+13
🇦🇱 Turks · Albania
1067
+12
🇳🇱 Spanish · Netherlands
1113
-16
🇩🇪 Persians · Germany
936
-18
🇧🇪 Franks · Belgium
914
-13
insaneBestar
12:18 Feudal Age
13:20 Horse Collar
13:30 Double-Bit Axe
16:14 Castle Age
21:02 Imperial Age
32:16 Loom
uselessplayer
12:03 Feudal Age
14:24 Loom
16:43 Castle Age
14:49 Horse Collar
16:14 Double-Bit Axe
17:39 Fletching
18:02 Elite Skirmisher
18:57 Bodkin Arrow
21:15 Padded Archer Armor
22:44 Wheelbarrow
21:55 Town Watch
22:48 Wheelbarrow
22:35 Padded Archer Armor
28:43 Imperial Age
28:13 Scale Mail Armor
28:30 Leather Archer Armor
28:35 Squires
29:13 Chain Mail Armor
29:09 Forging
28:49 Arson
28:26 Pikeman
29:18 Bloodlines
29:08 Husbandry
28:29 Light Cavalry
30:35 Conscription
31:04 Elite Obuch
34:43 Bracer
34:58 Leather Archer Armor
35:06 Ballistics
36:33 Chemistry
36:36 Hand Cart
Sprunger
11:15 Feudal Age
12:43 Loom
15:03 Castle Age
13:12 Double-Bit Axe
13:40 Horse Collar
14:56 Scale Mail Armor
16:25 Bow Saw
18:23 Loom
23:53 Wheelbarrow
24:02 Squires
23:47 Pikeman
28:18 Scale Barding Armor
28:24 Forging
30:56 Imperial Age
29:32 Wagenburg Tactics
31:44 Chain Barding Armor
31:40 Chain Mail Armor
32:01 Iron Casting
31:15 Arson
32:45 Chemistry
31:17 Halberdier
33:02 Chain Barding Armor
32:45 Murder Holes
33:18 Ballistics
35:03 Blast Furnace
34:37 Plate Mail Armor
34:13 Onager
36:27 Two-Man Saw
37:29 Conscription
Ridder Lancelot
10:56 Feudal Age
12:23 Loom
15:13 Castle Age
15:15 Double-Bit Axe
17:38 Gold Mining
25:30 Wheelbarrow
24:49 Horse Collar
26:25 Bow Saw
29:03 Hand Cart
28:47 Stone Mining
Parker
10:28 Feudal Age
14:11 Castle Age
13:16 Double-Bit Axe
13:13 Horse Collar
15:49 Bow Saw
22:45 Loom
23:57 Heavy Plow
24:43 Bloodlines
24:33 Husbandry
25:21 Scale Barding Armor
26:49 Fletching
29:57 Imperial Age
28:29 Bodkin Arrow
28:35 Padded Archer Armor
28:36 Loom
29:26 Wheelbarrow
28:40 Town Watch
30:12 Leather Archer Armor
30:18 Chain Barding Armor
30:57 Parthian Tactics
30:20 Cavalier
31:27 Heavy Cavalry Archer
32:53 Town Patrol
34:17 Ring Archer Armor
33:54 Thumb Ring
T-Bow
12:09 Feudal Age
16:49 Castle Age
18:26 Scale Barding Armor
18:33 Forging
19:02 Wheelbarrow
26:40 Iron Casting
26:26 Chain Barding Armor
33:15 Imperial Age
Connection lost

Rejoining the realm…

Still unreachable

The connection could not be restored.

Session expired

The server has moved on; the page needs a fresh start.